[Event "FINAL CAMPEONATO ABSOLUTO DE AJEDREZ CHILE 2018"]
[Site "CENTRO CULTURAL LO PRADO, Chile"]
[Date "2018.02.24"]
[Round "1.1"]
[White "HENRIQUEZ VILLAGRA, Cristobal"]
[Black "LLORENS SEPULVEDA, Marcelo"]
[Result "1-0"]
[TimeControl "90 minutos mas 30 segundos de incremento por movida"]
[WhiteTitle "GM"]
[BlackTitle "FM"]
[WhiteElo "2501"]
[BlackElo "2266"]

1. e4 c5 2. Nf3 Nc6 3. Bb5 g6 4. Bxc6 bxc6 5. O-O Bg7 6. Re1 Nh6 7. c3 O-O 8. d4 cxd4 9. cxd4 d6 10.
h3 Rb8 11. Nc3 f5 12. e5 Nf7 13. e6 Nh8 14. Qc2 h6 15. h4 Qa5 16. Bf4 Qb4 17. Qd2 Qxb2 18. Qe3 Ba6 19. Bxd6 Rbe8 20.
Bf4 Kh7 21. Na4 Qb4 22. Nc5 Bc4 23. Nd7 Bd5 24. Nxf8 Rxf8 25. Rab1 Qa5 26. Rb7 Re8 27. Be5 c5 28. Bxg7 1-0

[Event "FINAL CAMPEONATO ABSOLUTO DE AJEDREZ CHILE 2018"]
[Site "CENTRO CULTURAL LO PRADO, Chile"]
[Date "2018.02.24"]
[Round "1.2"]
[White "LOPEZ SILVA, Hugo Andres"]
[Black "SALINAS HERRERA, Pablo Patrici"]
[Result "0-1"]
[TimeControl "90 minutos mas 30 segundos de incremento por movida"]
[BlackTitle "IM"]
[WhiteElo "2389"]
[BlackElo "2453"]

1. Nf3 d5 2. g3 Bg4 3. Bg2 e6 4. O-O Nf6 5. d3 Be7 6. c4 c6 7. Be3 dxc4 8. dxc4 Nbd7 9. Nc3 O-O 10.
h3 Bh5 11. g4 Bg6 12. Nh4 Qc7 13. Nxg6 hxg6 14. b3 e5 15. Qc2 Nh7 16. Rad1 f5 17. f4 e4 18. Nxe4 fxe4 19. Bxe4 Rf6 20.
Bxg6 Nhf8 21. Bf5 g6 22. Bxd7 Nxd7 23. Bd4 Bc5 24. Kg2 Bxd4 25. Rxd4 Nf8 26. e3 Re8 27. Qd3 Qe7 28. e4 c5 29. Rd5 Qxe4+ 30. Qxe4 Rxe4 31. f5 gxf5 32.
Rxc5 f4 33. g5 Rf7 34. h4 Ne6 35. Rd5 f3+ 36. Kg3 Nd4 37. g6 Rff4 38. Rd8+ Kg7 39. Rd7+ Kh6 40. g7 Nf5+ 0-1

[Event "FINAL CAMPEONATO ABSOLUTO DE AJEDREZ CHILE 2018"]
[Site "CENTRO CULTURAL LO PRADO, Chile"]
[Date "2018.02.24"]
[Round "1.3"]
[White "PEREZ GORMAZ, Matias"]
[Black "VERGARA JOFRE, Felipe Andres"]
[Result "1/2-1/2"]
[TimeControl "90 minutos mas 30 segundos de incremento por movida"]
[WhiteTitle "FM"]
[BlackTitle "FM"]
[WhiteElo "2410"]
[BlackElo "2270"]

1. Nf3 Nf6 2. c4 e6 3. g3 b6 4. Bg2 Bb7 5. O-O Be7 6. d4 O-O 7. Nc3 Ne4 8. Bd2 d5 9. cxd5 exd5 10.
Rc1 Nd7 11. Bf4 c5 12. Bh3 Nxc3 13. Rxc3 Nf6 14. b3 Ne4 15. Rc2 g5 16. Bc1 f5 17. Bg2 Bf6 18. Bb2 Rc8 19. Qc1 g4 20.
Ne5 Bg5 21. Qa1 Qe8 22. Bc1 Qh5 23. f3 gxf3 24. exf3 Bxc1 25. Qxc1 cxd4 26. fxe4 fxe4 27. Rxc8 Rxc8 28. Qf4 Ba6 29. g4 Qh4 30. Qf5 Qe7 31. Ng6 hxg6 32. Qxd5+ Kh8 33.
Qxd4 Qg7 34. Qxg7 Kxg7 35. Re1 Bd3 36. Kf2 Rc2+ 37. Kg3 Rxa2 38. Bxe4 Bxe4 39. Rxe4 Rb2 40. b4 Kf6 1/2-1/2

[Event "FINAL CAMPEONATO ABSOLUTO DE AJEDREZ CHILE 2018"]
[Site "CENTRO CULTURAL LO PRADO, Chile"]
[Date "2018.02.24"]
[Round "1.4"]
[White "BARRIA ZUNIGA, Daniel"]
[Black "AGUIRRE CONTRERAS, Cristian Ro"]
[Result "1/2-1/2"]
[TimeControl "90 minutos mas 30 segundos de incremento por movida"]
[WhiteTitle "IM"]
[BlackTitle "FM"]
[WhiteFideId "3400816"]
[WhiteElo "2395"]
[BlackElo "2272"]

1. d4 Nf6 2. c4 e6 3. Nf3 d5 4. Nc3 Bb4 5. Qa4+ Nc6 6. Bg5 O-O 7. e3 h6 8. Bxf6 Qxf6 9. Rc1 Bd7 10.
Qc2 Rfe8 11. a3 Bxc3+ 12. Qxc3 Rac8 1/2-1/2

[Event "FINAL CAMPEONATO ABSOLUTO DE AJEDREZ CHILE 2018"]
[Site "CENTRO CULTURAL LO PRADO, Chile"]
[Date "2018.02.24"]
[Round "1.5"]
[White "DIAZ VILLAGRAN, Robert"]
[Black "FUENTES PARRA, Victor Ignacio"]
[Result "1-0"]
[TimeControl "90 minutos mas 30 segundos de incremento por movida"]
[WhiteTitle "FM"]
[WhiteElo "2317"]
[BlackElo "2148"]

1. e4 e6 2. d3 d5 3. Nd2 c5 4. Ngf3 Nc6 5. g3 g6 6. Bg2 Bg7 7. O-O Nge7 8. Re1 h6 9. c3 b6 10.
h4 a5 11. a4 Ra7 12. exd5 exd5 13. Nb3 d4 14. cxd4 cxd4 15. Bf4 O-O 16. Ne5 Nxe5 17. Bxe5 Be6 18. Nd2 Bxe5 19. Rxe5 Qd6 20.
Rb5 f5 21. Qe2 Bf7 22. Rd1 Nc8 23. Nc4 Qd8 24. Qd2 Kg7 25. Qf4 Re7 26. Ne5 Qd6 27. Rc1 Na7 28. Nc6 Qxf4 29. gxf4 Rc7 30. Rxb6 Rfc8 31. Kh2 Be8 32. Nxa7 Rxc1 33. Nxc8 Rxc8 34.
Rb7+ Kf6 35. Bd5 Rc2 36. Kg3 g5 37. Rb6+ Kg7 38. fxg5 hxg5 39. hxg5 Bxa4 40. b3 Be8 41. f3 Rc7 42. Kf4 Rc5 43. Rd6 Bf7 44. Bc4 Bxc4 45. bxc4 Kf7 46. Rxd4 Ke7 47. g6 Rc8 48. Rd5 Ra8 49. Rxf5 a4 50. g7 a3 51. Ra5 1-0

[Event "FINAL CAMPEONATO ABSOLUTO DE AJEDREZ CHILE 2018"]
[Site "CENTRO CULTURAL LO PRADO, Chile"]
[Date "2018.02.24"]
[Round "1.6"]
[White "GARCIA CARDENAS, Pablo"]
[Black "ABARCA GONZALEZ, Nicolas"]
[Result "1-0"]
[TimeControl "90 minutos mas 30 segundos de incremento por movida"]
[WhiteTitle "IM"]
[WhiteElo "2454"]
[BlackElo "2388"]

1. d4 Nf6 2. Nc3 d5 3. Bg5 Nbd7 4. f3 c6 5. e4 dxe4 6. fxe4 e5 7. dxe5 Nxe5 8. Qxd8+ Kxd8 9. Nf3 Bd6 10.
O-O-O Kc7 11. Nd4 a6 12. Be2 Neg4 13. Rdf1 Nxh2 14. Bf4 Nxf1 15. e5 Bc5 16. exf6+ Kd8 17. Be5 Ng3 18. Rd1 Nxe2+ 19. Ndxe2+ Ke8 20. Ne4 Be3+ 21. Kb1 g6 22. Nd6+ Kf8 23. Nc4 Bg4 24. Nxe3 Bxe2 25. Rd2 Bh5 26. g4 Bxg4 27. Nxg4 h5 28.
Bd6+ Kg8 29. Ne5 Rd8 30. c4 c5 31. b4 b6 32. Nc6 Rd7 33. Ne5 Rd8 34. bxc5 bxc5 35. Kc2 h4 36. Nc6 Rd7 37.
Ne7+ Kh7 38. Rh2 g5 39. Bf4 Rxe7 40. fxe7 Kg6 41. Bd6 f5 42. Kd3 Kf7 43. Bxc5 g4 44. Bd6 f4 45. Bxf4 Kxe7 46. Rxh4 Rg8 47. Bg3 Kd7 48. Kd4 Kc6 49. Rh6+ Kb7 50. c5 Rf8 51. Rb6+ Ka7 52. Rg6 1-0

[Event "FINAL CAMPEONATO ABSOLUTO DE AJEDREZ CHILE 2018"]
[Site "CENTRO CULTURAL LO PRADO, Chile"]
[Date "2018.02.25"]
[Round "2.1"]
[White "LLORENS SEPULVEDA, Marcelo"]
[Black "ABARCA GONZALEZ, Nicolas"]
[Result "0-1"]
[TimeControl "90 minutos mas 30 segundos de incremento por movida"]
[WhiteTitle "FM"]
[WhiteElo "2266"]
[BlackElo "2388"]

1. e4 e5 2. Nf3 Nc6 3. Bb5 a6 4. Ba4 Nf6 5. Qe2 b5 6. Bb3 Bc5 7. a4 Rb8 8. axb5 axb5 9. O-O O-O 10.
d3 d6 11. Bg5 Bg4 12. c3 h6 13. Be3 Bxe3 14. Qxe3 Re8 15. Nbd2 Nh5 16. Rfe1 Qd7 17. Nf1 Ra8 18. Rxa8 Rxa8 19.
Nh4 Be6 20. Bd1 Nf4 21. d4 Bc4 22. b3 Bxf1 23. Kxf1 b4 24. d5 Ne7 25. c4 g5 26. Qg3 Kf8 27. Bg4 gxh4 28. Qxh4 Qd8 29.
Qxh6+ Kg8 30. g3 Nfg6 31. Re3 Qf8 32. Qg5 f6 33. Be6+ Kh7 34. Qg4 Qh6 35. h4 Kh8 36. Kg2 Ra1 37.
Bf7 Qg7 38. Be6 Qh6 39. Bf7 Nf8 40. Be6 Qg6 41. Qh3 Rc1 42. Bd7 Rc3 43. Re1 Rxb3 44. h5 Qg5 45. Ra1 Ra3 46. Rb1 Ra2 47.
Rb3 Ra1 48. Qg4 Qc1 0-1

[Event "FINAL CAMPEONATO ABSOLUTO DE AJEDREZ CHILE 2018"]
[Site "CENTRO CULTURAL LO PRADO, Chile"]
[Date "2018.02.25"]
[Round "2.2"]
[White "FUENTES PARRA, Victor Ignacio"]
[Black "GARCIA CARDENAS, Pablo"]
[Result "0-1"]
[TimeControl "90 minutos mas 30 segundos de incremento por movida"]
[BlackTitle "IM"]
[WhiteElo "2148"]
[BlackElo "2454"]

1. d4 Nf6 2. Nf3 d5 3. e3 Bg4 4. b3 e6 5. Bb2 c5 6. Nbd2 Nc6 7. a3 Bd6 8. Be2 cxd4 9. exd4 Qc7 10.
c4 O-O 11. O-O dxc4 12. bxc4 Ne7 13. h3 Bh5 14. Ng5 Bg6 15. Bf3 Bf4 16. h4 Nf5 17. h5 Bxg5 18. hxg6 hxg6 19. Be2 Rfd8 20.
Nf3 Bf4 21. Qb3 g5 22. Rfd1 g4 23. Ne5 Nxd4 24. Rxd4 Bxe5 25. Rxd8+ Rxd8 26. Rb1 Rd2 27. Bf1 Bh2+ 28. Kh1 Ne4 0-1

[Event "FINAL CAMPEONATO ABSOLUTO DE AJEDREZ CHILE 2018"]
[Site "CENTRO CULTURAL LO PRADO, Chile"]
[Date "2018.02.25"]
[Round "2.3"]
[White "AGUIRRE CONTRERAS, Cristian Ro"]
[Black "DIAZ VILLAGRAN, Robert"]
[Result "1-0"]
[TimeControl "90 minutos mas 30 segundos de incremento por movida"]
[WhiteTitle "FM"]
[BlackTitle "FM"]
[WhiteElo "2272"]
[BlackElo "2317"]

1. e4 e6 2. d4 d5 3. Nd2 Nc6 4. Ngf3 Nf6 5. e5 Nd7 6. Nb3 a5 7. a4 b6 8. Bg5 Be7 9. h4 Ba6 10.
Bxa6 Rxa6 11. c3 Ra7 12. Qd3 Ncb8 13. Rh3 h6 14. Bxe7 Qxe7 15. Rg3 Kf8 16. Qe3 c5 17. h5 Nc6 18.
Rd1 Rb7 19. Qf4 Rg8 20. Rd2 c4 21. Nc1 b5 22. axb5 Rxb5 23. Rh3 a4 24. g4 a3 25. bxa3 Qxa3 26. Rc2 Ke8 27. g5 hxg5 28.
Nxg5 Qe7 29. Rf3 Rf8 30. Ra2 Na5 31. Kd1 Nb8 32. h6 gxh6 33. Nh7 Nd7 34. Nxf8 Qxf8 35. Rg3 Qh8 36. Rh3 Qg7 37. Rxh6 Kd8 38.
Qh4+ Kc7 39. Rh8 Qg1+ 40. Kd2 Nc6 41. Qg3 Qf1 42. Qf3 Rb1 43. Rh1 Ndxe5 44. dxe5 Nxe5 45. Qxf7+ Nxf7 46. Rxf1 Nd6 47. f3 1-0

[Event "FINAL CAMPEONATO ABSOLUTO DE AJEDREZ CHILE 2018"]
[Site "CENTRO CULTURAL LO PRADO, Chile"]
[Date "2018.02.25"]
[Round "2.4"]
[White "VERGARA JOFRE, Felipe Andres"]
[Black "BARRIA ZUNIGA, Daniel"]
[Result "1/2-1/2"]
[TimeControl "90 minutos mas 30 segundos de incremento por movida"]
[WhiteTitle "FM"]
[BlackTitle "IM"]
[BlackFideId "3400816"]
[WhiteElo "2270"]
[BlackElo "2395"]

1. e4 c5 2. Nf3 e6 3. d4 cxd4 4. Nxd4 a6 5. Bd3 Bc5 6. Nb3 Ba7 7. c4 Nc6 8. Qe2 d6 9. Nc3 Nf6 10.
O-O e5 11. Be3 O-O 12. Bxa7 Rxa7 13. Rad1 Be6 14. Qe3 Qb8 15. Be2 b5 16. Nd5 Bxd5 17. cxd5 Ne7 18. Na5 Rc7 19. Rc1 1/2-1/2

[Event "FINAL CAMPEONATO ABSOLUTO DE AJEDREZ CHILE 2018"]
[Site "CENTRO CULTURAL LO PRADO, Chile"]
[Date "2018.02.25"]
[Round "2.5"]
[White "SALINAS HERRERA, Pablo Patrici"]
[Black "PEREZ GORMAZ, Matias"]
[Result "1-0"]
[TimeControl "90 minutos mas 30 segundos de incremento por movida"]
[WhiteTitle "IM"]
[BlackTitle "FM"]
[WhiteElo "2453"]
[BlackElo "2410"]

1. d4 d5 2. c4 e6 3. Nc3 Bb4 4. cxd5 exd5 5. Bf4 c6 6. e3 Ne7 7. Bd3 Bf5 8. Nge2 Nd7 9. a3 Bxc3+ 10. bxc3 Bxd3 11. Qxd3 Ng6 12. O-O O-O 13. c4 Nb6 14. cxd5 cxd5 15. Rfb1 Qe7 16. Bg3 Rfd8 17. Nc3 Rd7 18.
a4 Nf8 19. a5 Nc8 20. Rb5 Qd8 21. Qb1 b6 22. Qa2 bxa5 23. Rxd5 Rxd5 24. Qxd5 Qxd5 25. Nxd5 Nb6 26. Ne7+ Kh8 27.
Rxa5 Nfd7 28. h3 a6 29. Nd5 Nxd5 30. Rxd5 Nb6 31. Ra5 f6 32. Bc7 Nc4 33. Rc5 Na3 34. d5 Nb5 35. d6 1-0

[Event "FINAL CAMPEONATO ABSOLUTO DE AJEDREZ CHILE 2018"]
[Site "CENTRO CULTURAL LO PRADO, Chile"]
[Date "2018.02.25"]
[Round "2.6"]
[White "HENRIQUEZ VILLAGRA, Cristobal"]
[Black "LOPEZ SILVA, Hugo Andres"]
[Result "1-0"]
[TimeControl "90 minutos mas 30 segundos de incremento por movida"]
[WhiteTitle "GM"]
[WhiteElo "2501"]
[BlackElo "2389"]

1. e4 e5 2. Nf3 Nc6 3. Bb5 g6 4. c3 a6 5. Ba4 d6 6. d4 Bd7 7. Bg5 Be7 8. Be3 Nf6 9. d5 Nb8 10.
Bc2 c6 11. h3 cxd5 12. exd5 Qa5 13. Bb3 Bf5 14. O-O O-O 15. Na3 b5 16. Nc2 Bxc2 17. Qxc2 Nbd7 18. a3 Rfe8 19. g4 Qc7 20.
Ng5 Bf8 21. Rad1 Bg7 22. f3 Rac8 23. Ne4 Nb6 24. Kg2 Nfd7 25. g5 Nc4 26. Bc1 f5 27. gxf6 Nxf6 28. Nxf6+ Bxf6 29. Kh2 Qe7 30.
Rg1 e4 31. f4 Qd7 32. Qe2 Qf5 33. Rg3 Rc5 34. Bc2 Rxd5 35. Re1 Bh4 36. b3 Bxg3 37. Kxg3 Na5 38. c4 bxc4 39. b4 Nb3 40. Qxc4 Nd4 1-0

[Event "FINAL CAMPEONATO ABSOLUTO DE AJEDREZ CHILE 2018"]
[Site "CENTRO CULTURAL LO PRADO, Chile"]
[Date "2018.02.25"]
[Round "3.2"]
[White "PEREZ GORMAZ, Matias"]
[Black "HENRIQUEZ VILLAGRA, Cristobal"]
[Result "0-1"]
[TimeControl "90 minutos mas 30 segundos de incremento por movida"]
[WhiteTitle "FM"]
[BlackTitle "GM"]
[WhiteElo "2410"]
[BlackElo "2501"]

1. e4 c6 2. d4 d5 3. e5 Bf5 4. Be3 e6 5. Nd2 Nd7 6. Ngf3 h6 7. Be2 Ne7 8. O-O Bh7 9. Nb3 g5 10.
Ne1 Nf5 11. Bd2 Be7 12. Nd3 Qc7 13. Rc1 Nb6 14. Bh5 Nc4 15. Be1 Ng7 16. Be2 h5 17. Nbc5 b6 18. Na4 Nf5 19. c3 Bg6 20.
b3 Na3 21. Bd2 Kf8 22. Ra1 Qd8 23. Qc1 Nb5 24. Nab2 Rc8 25. a4 Nbxd4 26. cxd4 Nxd4 27. Bd1 c5 28. Ne1 Nc6 29. f4 g4 30.
Bc2 Nd4 31. Bd1 c4 32. bxc4 dxc4 33. Qc3 Nf5 34. Nc2 Bc5+ 35. Rf2 Bxf2+ 36. Kxf2 Kg7 37. Be2 Qd5 38. Rd1 a6 39. Kg1 b5 40. Be1 Qe4 41. Bf1 h4 42. axb5 axb5 43. Rd2 Rhd8 44.
Re2 Qb7 45. g3 Rd3 46. Nxd3 cxd3 47. Qxd3 Nxg3 48. Bg2 Bxd3 49. Bxb7 Nxe2+ 0-1

[Event "FINAL CAMPEONATO ABSOLUTO DE AJEDREZ CHILE 2018"]
[Site "CENTRO CULTURAL LO PRADO, Chile"]
[Date "2018.02.25"]
[Round "3.3"]
[White "BARRIA ZUNIGA, Daniel"]
[Black "SALINAS HERRERA, Pablo Patrici"]
[Result "1/2-1/2"]
[TimeControl "90 minutos mas 30 segundos de incremento por movida"]
[WhiteTitle "IM"]
[BlackTitle "IM"]
[WhiteFideId "3400816"]
[WhiteElo "2395"]
[BlackElo "2453"]

1. d4 d5 2. c4 c6 3. Nf3 Nf6 4. Nc3 e6 5. Bg5 dxc4 6. a4 Bb4 7. e4 Qa5 8. Bd2 c5 9. Bxc4 cxd4 10.
Nxd4 O-O 11. Qe2 Rd8 12. Nb3 Qc7 13. e5 1/2-1/2

[Event "FINAL CAMPEONATO ABSOLUTO DE AJEDREZ CHILE 2018"]
[Site "CENTRO CULTURAL LO PRADO, Chile"]
[Date "2018.02.25"]
[Round "3.4"]
[White "DIAZ VILLAGRAN, Robert"]
[Black "VERGARA JOFRE, Felipe Andres"]
[Result "1-0"]
[TimeControl "90 minutos mas 30 segundos de incremento por movida"]
[WhiteTitle "FM"]
[BlackTitle "FM"]
[WhiteElo "2317"]
[BlackElo "2270"]

1. e4 c5 2. Nf3 Nc6 3. c3 Nf6 4. e5 Nd5 5. d4 cxd4 6. Bc4 Nb6 7. Bb3 d5 8. exd6 e6 9. cxd4 Bxd6 10.
O-O O-O 11. Qe2 Nd5 12. Nc3 b6 13. Qe4 f5 14. Qe2 Nc7 15. Rd1 Na5 16. Bc2 Ba6 17. Bd3 Bxd3 18. Rxd3 Qf6 19. Ne5 Rfd8 20.
Bf4 Bb4 21. Qh5 Be7 22. Rh3 h6 23. Bxh6 gxh6 24. Rg3+ Kf8 25. Rg6 Qh4 26. Rg8+ 1-0

[Event "FINAL CAMPEONATO ABSOLUTO DE AJEDREZ CHILE 2018"]
[Site "CENTRO CULTURAL LO PRADO, Chile"]
[Date "2018.02.25"]
[Round "3.5"]
[White "GARCIA CARDENAS, Pablo"]
[Black "AGUIRRE CONTRERAS, Cristian Ro"]
[Result "1/2-1/2"]
[TimeControl "90 minutos mas 30 segundos de incremento por movida"]
[WhiteTitle "IM"]
[BlackTitle "FM"]
[WhiteElo "2454"]
[BlackElo "2272"]

1. d4 Nf6 2. c4 e6 3. Nc3 d5 4. cxd5 exd5 5. Bg5 Be7 6. e3 O-O 7. Bd3 Nbd7 8. Qc2 c6 9. Nge2 Re8 10.
O-O h6 11. Bf4 Bf8 12. h3 Qe7 13. Rab1 a5 14. a3 Ne4 15. Bxe4 dxe4 16. Ng3 g5 17. Bc7 Nf6 18. Be5 Nd7 19.
Ncxe4 Nxe5 20. dxe5 Qxe5 21. f4 gxf4 22. exf4 Qd4+ 23. Kh1 Bf5 24. Nf6+ Qxf6 25. Nxf5 Rad8 26. Rbd1 Rxd1 27. Rxd1 Rd8 28.
Rxd8 1/2-1/2

[Event "FINAL CAMPEONATO ABSOLUTO DE AJEDREZ CHILE 2018"]
[Site "CENTRO CULTURAL LO PRADO, Chile"]
[Date "2018.02.25"]
[Round "3.6"]
[White "ABARCA GONZALEZ, Nicolas"]
[Black "FUENTES PARRA, Victor Ignacio"]
[Result "1-0"]
[TimeControl "90 minutos mas 30 segundos de incremento por movida"]
[WhiteElo "2388"]
[BlackElo "2148"]

1. e4 e6 2. d4 d5 3. Nd2 Be7 4. e5 c5 5. Qg4 Kf8 6. dxc5 Nc6 7. Ngf3 h5 8. Qf4 g5 9. Qe3 Qc7 10.
h3 Nh6 11. g4 Nb4 12. Bd3 Rg8 13. Rg1 hxg4 14. hxg4 Bxc5 15. Qe2 Bd7 16. Nb3 Be7 17. Nbd4 a6 18. c3 Nc6 19. Nxc6 bxc6 20.
Bxa6 f6 21. Bd3 Ra4 22. exf6 Bxf6 23. Be3 e5 24. Bc2 Rxg4 25. Bc5+ Kf7 26. O-O-O Rxg1 27. Rxg1 g4 28. Nd2 e4 29.
Rh1 Nf5 30. Bb3 Qf4 31. Qxe4 Bg5 32. Rh7+ Rg7 33. Rxg7+ Nxg7 34. Qxf4+ Bxf4 35. a4 Ne6 36. Bb6 Bd6 37. a5 g3 38. fxg3 Bxg3 39. Ba4 Nc7 40.
Nb3 Bf4+ 41. Kb1 Na8 42. Bc5 Bc7 43. Ka2 Bd8 44. Ka3 Ke8 45. a6 Bb6 46. Kb4 Kd8 47. Nd4 Kc7 48. b3 Be8 49. Ne6+ Kd7 1-0

[Event "FINAL CAMPEONATO ABSOLUTO DE AJEDREZ CHILE 2018"]
[Site "CENTRO CULTURAL LO PRADO, Chile"]
[Date "2018.02.26"]
[Round "4.1"]
[White "LLORENS SEPULVEDA, Marcelo"]
[Black "FUENTES PARRA, Victor Ignacio"]
[Result "1/2-1/2"]
[TimeControl "90 minutos mas 30 segundos de incremento por movida"]
[WhiteTitle "FM"]
[WhiteElo "2266"]
[BlackElo "2148"]

1. e4 e6 2. d4 d5 3. e5 c5 4. c3 Qb6 5. Nf3 Nc6 6. a3 Nh6 7. b4 cxd4 8. cxd4 Nf5 9. Be3 Bd7 10.
Bd3 Nxe3 11. fxe3 Rc8 12. O-O Be7 13. Nbd2 Nb8 14. Qe2 Ba4 15. e4 O-O 16. Kh1 Rc3 17. exd5 exd5 18. Rfe1 Rfc8 19.
Nf1 Bc2 20. Bxc2 Rxc2 21. Qd1 R2c3 22. Ne3 Qe6 23. Qa4 a6 24. Qd1 Nd7 25. Qd2 Nb6 26. Nf1 Qg6 27. Ng3 h5 28. e6 fxe6 29.
Ne5 Qg5 30. Qxg5 Bxg5 31. Nxh5 Rc1 32. Nd3 Rxa1 33. Rxa1 Na4 34. Nhf4 Bxf4 35. Nxf4 Kf7 36. Rf1 Ke7 37. Re1 Nc3 38.
Nxe6 Kf6 39. Nc5 Rc7 40. Rc1 Re7 41. h4 Nb5 42. a4 Nxd4 43. Rd1 Nc2 44. Rxd5 Nxb4 45. Rd6+ Kf5 46. Rb6 Nd5 47.
Rb3 Kg4 48. Nxb7 Kxh4 49. Nc5 a5 50. Kh2 Ne3 51. Kg1 Ng4 52. Kf1 Rf7+ 53. Ke1 Re7+ 54. Kd2 Nf2 55. Re3 1/2-1/2

[Event "FINAL CAMPEONATO ABSOLUTO DE AJEDREZ CHILE 2018"]
[Site "CENTRO CULTURAL LO PRADO, Chile"]
[Date "2018.02.26"]
[Round "4.2"]
[White "AGUIRRE CONTRERAS, Cristian Ro"]
[Black "ABARCA GONZALEZ, Nicolas"]
[Result "0-1"]
[TimeControl "90 minutos mas 30 segundos de incremento por movida"]
[WhiteTitle "FM"]
[WhiteElo "2272"]
[BlackElo "2388"]

1. e4 c5 2. c3 d5 3. exd5 Qxd5 4. d4 Nf6 5. Nf3 e6 6. Na3 Nc6 7. Be2 Be7 8. O-O O-O 9. Nb5 Qd8 10.
dxc5 Bxc5 11. b4 Bb6 12. Qc2 a6 13. Rd1 Qe7 14. Nbd4 Nxd4 15. Nxd4 e5 16. Nf5 Bxf5 17. Qxf5 Rac8 18.
Bg5 Rxc3 19. Bd3 Rd8 20. Bxf6 Qxf6 21. Qxf6 gxf6 22. Be4 Bd4 23. Rac1 Ra3 24. Rd2 b6 25. Bc2 a5 26. bxa5 bxa5 27.
Bb3 a4 28. Bc4 Kg7 29. Kf1 Rc8 30. Rdc2 Rxc4 31. Rxc4 Rxa2 32. R1c2 Rxc2 33. Rxc2 a3 34. Ra2 Bb2 35. Ke2 f5 36. Ke3 Kf6 37. h3 Ke6 38.
g4 Kd5 39. gxf5 Kc4 40. Ke4 Kb3 41. Rxa3+ Kxa3 42. f3 f6 43. Kd5 Kb3 44. Ke6 Kc4 45. h4 Kd3 46. h5 e4 47. fxe4 Kxe4 48. h6 Kf4 0-1

[Event "FINAL CAMPEONATO ABSOLUTO DE AJEDREZ CHILE 2018"]
[Site "CENTRO CULTURAL LO PRADO, Chile"]
[Date "2018.02.26"]
[Round "4.3"]
[White "VERGARA JOFRE, Felipe Andres"]
[Black "GARCIA CARDENAS, Pablo"]
[Result "0-1"]
[TimeControl "90 minutos mas 30 segundos de incremento por movida"]
[WhiteTitle "FM"]
[BlackTitle "IM"]
[WhiteElo "2270"]
[BlackElo "2454"]

1. d4 Nf6 2. Bf4 d5 3. e3 e6 4. Nf3 c5 5. Nbd2 Qb6 6. dxc5 Qxb2 7. Rb1 Qc3 8. Bb5+ Nbd7 9. O-O Bxc5 10.
Be5 Qa3 11. Bxd7+ Bxd7 12. Rxb7 Qa6 13. Rb1 O-O 14. c4 Ba4 15. Qe2 Nd7 16. e4 dxc4 17. Qxc4 Qxc4 18. Nxc4 Bc2 19. Rbc1 Bxe4 20.
Rfd1 Bd5 21. a4 Nb6 22. Nxb6 axb6 23. Bd4 Rfc8 24. Bxc5 bxc5 25. Ra1 Bb3 26. Rdc1 Bxa4 27. Kf1 Bb5+ 28.
Ke1 Rxa1 29. Rxa1 Bc6 30. Kd2 Bxf3 31. gxf3 g6 32.
Kc3 Rd8 33. Ra5 Rd5 34. f4 Rd4 35. Rxc5 Rxf4 0-1

[Event "FINAL CAMPEONATO ABSOLUTO DE AJEDREZ CHILE 2018"]
[Site "CENTRO CULTURAL LO PRADO, Chile"]
[Date "2018.02.26"]
[Round "4.4"]
[White "SALINAS HERRERA, Pablo Patrici"]
[Black "DIAZ VILLAGRAN, Robert"]
[Result "1-0"]
[TimeControl "90 minutos mas 30 segundos de incremento por movida"]
[WhiteTitle "IM"]
[BlackTitle "FM"]
[WhiteElo "2453"]
[BlackElo "2317"]

1. Nf3 Nf6 2. c4 d6 3. d4 Nbd7 4. Nc3 e5 5. e4 Be7 6. Be2 O-O 7. O-O c6 8. Qc2 Qc7 9. Rd1 Re8 10.
h3 Nf8 11. Be3 Ne6 12. d5 Nf4 13. Bf1 Bf8 14. b4 Nd7 15. Qd2 a5 16. a3 axb4 17. axb4 Rxa1 18. Rxa1 Ng6 19. Ra7 c5 20.
Nb5 Qb6 21. Qc2 Nb8 22. bxc5 dxc5 23. Ra3 h6 24. Ne1 Na6 25. Nd3 Nh4 26. Ne1 Nb4 27. Qb1 Qf6 28. Bd2 Na6 29. g3 Ng6 30.
Qa1 Bd7 31. Bg2 Qd8 32. Qb1 Nb4 33. Nc3 f6 34. Na2 Nxa2 35. Rxa2 Bc8 36. Nd3 f5 37. Qb5 f4 38. Nxc5 f3 39.
Bxf3 Bxh3 40. Ne6 Rxe6 41. dxe6 Qd3 42. Be3 Qf1+ 43. Kh2 Bxe6 44. Bg2 Qxc4 45. Rb2 Qc3 46. Qxb7 Kh7 47. Rb6 Qc8 48.
Qxc8 Bxc8 49. Bh3 Bxh3 50. Kxh3 Be7 51.
Kg4 Bf6 52. Bc5 1-0

[Event "FINAL CAMPEONATO ABSOLUTO DE AJEDREZ CHILE 2018"]
[Site "CENTRO CULTURAL LO PRADO, Chile"]
[Date "2018.02.26"]
[Round "4.5"]
[White "HENRIQUEZ VILLAGRA, Cristobal"]
[Black "BARRIA ZUNIGA, Daniel"]
[Result "1-0"]
[TimeControl "90 minutos mas 30 segundos de incremento por movida"]
[WhiteTitle "GM"]
[BlackTitle "IM"]
[BlackFideId "3400816"]
[WhiteElo "2501"]
[BlackElo "2395"]

1. e4 c5 2. Nf3 e6 3. d4 cxd4 4. Nxd4 a6 5. Bd3 Bc5 6. Nb3 Ba7 7. O-O Nc6 8. Qg4 Nf6 9. Qxg7 Rg8 10.
Qh6 Ne5 11. Be2 d6 12. Bg5 Rg6 13. Qh4 h6 14. Bxf6 Qxf6 15. Qxf6 Rxf6 16. N1d2 Bd7 17. g3 Rc8 18. Rac1 Ke7 19.
Kg2 Rg6 20. c4 Rgg8 21. f4 Nc6 22. Nb1 Nd4 23. Nxd4 Bxd4 24. Rc2 b5 25. Rd1 Bb6 26. Kf1 bxc4 27. Rxc4 Rxc4 28. Bxc4 a5 29.
Nc3 Bc6 30. Bb5 Bb7 31. Ke2 Rc8 32. e5 Rd8 33. Na4 Ba7 34. Rc1 Bb8 35. exd6+ Bxd6 36. Bd3 Bd5 37. Nb6 Bb7 38. a3 Rb8 39.
Rc2 Bd5 40. Nxd5+ exd5 41. Rd2 Ke6 42. Kd1 Be7 43. Be2 Bf6 44. Kc1 Rb3 45. Bg4+ Kd6 46. Bh5 Rb7 47. Bf3 Rb5 48. Kb1 Bg7 49.
Ka2 Bf6 50. Be2 Rc5 51. Kb3 Rc1 52. Bf3 Rc5 53. Ka4 d4 54. Be4 Bg7 55. Bd3 Bf6 56. Bb5 Kd5 57. Bd3 Bg7 58. Rd1 Bf6 59.
Re1 Kd6 60. h4 Kd5 61. Rh1 Kd6 62. g4 Ke7 63. g5 hxg5 64. hxg5 Bg7 65. Re1+ Kd6 66. Re8 f6 67. Rg8 Rc7 68.
g6 Bh6 69. Rd8+ Kc5 70. b4+ axb4 71. axb4+ Kb6 72. Rd6+ Ka7 73. Rxd4 Rc3 74. f5 Kb6 75. Be4 Bc1 76. Rd6+ Kc7 77.
g7 1-0

[Event "FINAL CAMPEONATO ABSOLUTO DE AJEDREZ CHILE 2018"]
[Site "CENTRO CULTURAL LO PRADO, Chile"]
[Date "2018.02.26"]
[Round "4.6"]
[White "LOPEZ SILVA, Hugo Andres"]
[Black "PEREZ GORMAZ, Matias"]
[Result "1/2-1/2"]
[TimeControl "90 minutos mas 30 segundos de incremento por movida"]
[BlackTitle "FM"]
[WhiteElo "2389"]
[BlackElo "2410"]

1. e4 g6 2. d4 Bg7 3. Nc3 d6 4. f4 a6 5. Nf3 b5 6. Bd3 Nd7 7. e5 c5 8. Be3 Bb7 9. Be4 Qb8 10.
Bxb7 Qxb7 11. dxc5 dxc5 12. Qd5 Qxd5 13. Nxd5 Rc8 14. O-O-O Nh6 15. Rhe1 Nf5 16. Bf2 e6 17. Nc3 h5 18.
Ne4 Rc6 19. Re2 Nb6 20. Bxc5 Nd5 21. g3 Kd7 22. Nfg5 Rhc8 23. b4 Ke8 24. Rxd5 exd5 25. Nd6+ Rxd6 26. exd6+ Kd7 27. Nxf7 a5 28.
Ne5+ Bxe5 29. Rxe5 Kc6 30. Re6 Rg8 31. Rf6 axb4 32. Bxb4 d4 33. a3 h4 34. g4 Ne3 35. h3 Nd5 36. Rf7 Nxb4 37. axb4 Kxd6 38. f5 Kd5 39.
f6 Ke6 40. Rg7 Rc8 41. g5 Kf5 42. Kd2 Kxg5 43. f7 Rf8 44. Kd3 Kh6 45. Rg8 Rxf7 46. Kxd4 Rf4+ 47. Kc5 Rc4+ 48. Kxb5 Rxc2 49.
Rd8 Rc3 50. Ka4 Rxh3 51. b5 Rh1 52. b6 Rb1 53. Ka5 g5 54. Ka6 Kh5 55. b7 Ra1+ 56. Kb6 Rb1+ 57.
Kc6 Kg4 58. b8=Q Rxb8 59. Rxb8 h3 60. Kd5 h2 61. Rh8 Kg3 62. Ke4 g4 63. Kf5 Kg2 1/2-1/2